 Dungeon Crawl Stone Soup version 0.29.1-1-gd02db6906a (webtiles) character file.

Game seed: 3453782730671018187

1739 hawla the Destroyer (level 8, -6/41 HPs)
             Began as a Deep Elf Fire Elementalist on Oct 2, 2022.
             Was an Initiate of Vehumet.
             Killed by divine providence
             ... invoked by an orc priest
              (12 damage)
             ... on level 6 of the Dungeon on Oct 3, 2022.
             The game lasted 00:17:51 (6555 turns).

hawla the Destroyer (Deep Elf Fire Elementalist)    Turns: 6555, Time: 00:17:52

Health: -6/41      AC:  4    Str:  5    XL:     8   Next: 77%
Magic:  16/16      EV: 12    Int: 23    God:    Vehumet [......]
Gold:   304        SH:  0    Dex: 15    Spells: 3/15 levels left

rFire   . . .      SeeInvis .   e - staff of poison
rCold   . . .      Faith    .   (no shield)
rNeg    . . .      Spirit   .   a - +1 robe
rPois   +          Reflect  .   (no helmet)
rElec   .          Harm     .   (no cloak)
rCorr   .          Rampage  .   (no gloves)
Will    .....                   r - +0 pair of boots
Stlth   ++........              (no amulet)
HPRegen 0.13/turn               (no ring)
MPRegen 0.15/turn               (no ring)

@: very slightly contaminated
A: no striking features
a: Renounce Religion


You were on level 6 of the Dungeon.
You worshipped Vehumet.
Vehumet was noncommittal.
You visited 2 branches of the dungeon, and saw 7 of its levels.

You collected 304 gold pieces.

Inventory:

Missiles
 s - 6 poisoned darts
Armour
 a - a +1 robe (worn)
 r - a +0 pair of boots (worn)
Magical Staves
 e - a staff of poison (weapon)
Jewellery
 i - a ring of ice
 l - a ring of flight
 m - a ring of resist corrosion
 u - a ring of protection from cold
Wands
 q - a wand of charming (9)
Scrolls
 o - a scroll of vulnerability {unknown}
 t - a scroll of fear
 v - a scroll of teleportation
 w - a scroll of identify
Potions
 b - 3 potions of heal wounds {unknown}
 c - 5 potions of curing {unknown}
 d - 2 potions of lignification {unknown}
 f - a potion of might {unknown}
 g - a potion of attraction {unknown}
 h - 2 potions of haste {unknown}
 j - 3 potions of mutation {unknown}
 k - 3 potions of flight {unknown}
 n - a potion of invisibility {unknown}


   Skills:
 - Level 0.3 Fighting
 - Level 2.6 Dodging
 - Level 2.5 Stealth
 - Level 4.4 Spellcasting
 * Level 8.5 Conjurations
 * Level 4.6 Transmutations
 - Level 7.1 Fire Magic
 - Level 1.5 Poison Magic
 - Level 1.5 Evocations


You had 3 spell levels left.
You knew the following spells:

 Your Spells              Type           Power      Damage    Failure   Level
a - Foxfire               Conj/Fire      100%       2x1d9     1%          1
b - Scorch                Fire           76%        2d8       1%          2
c - Flame Wave            Conj/Fire      41%        2d11      4%          4
d - Irradiate             Conj/Tmut      17%        3d17      19%         5

Your spell library contained the following spells:

 Spells                   Type           Power      Damage    Failure   Level
 Conjure Flame            Conj/Fire      41%        6-21      1%          3
 Stone Arrow              Conj/Erth      48%        3d10      5%          3
 Passwall                 Tmut/Erth      12%        N/A       6%          2
 Inner Flame              Hex/Fire       21%        N/A       7%          3
 Sandblast                Erth           10%        2d5       10%         1
 Poisonous Vapours        Pois/Air       24%        N/A       11%         2
 Sublimation of Blood     Necr           5%         N/A       16%         2
 Call Canine Familiar     Summ           5%         N/A       30%         3
 Portal Projectile        Hex/Tloc       10%        N/A       30%         3
 Hailstorm                Conj/Ice       24%        3d7       17%         4
 Ice Form                 Ice/Tmut       15%        N/A       36%         4
 Petrify                  Tmut/Erth      15%        N/A       36%         4
 Corpse Rot               Necr/Pois/Air  11%        N/A       63%         4
 Leda's Liquefaction      Hex/Erth       2%         N/A       69%         4
 Simulacrum               Ice/Necr       2%         N/A       100%        6


Dungeon Overview and Level Annotations

Branches:
Dungeon (6/15)             Temple (1/1) D:5

Altars:
Ashenzari
Cheibriados
Dithmenos
Elyvilon
Fedhas
Gozag
Hepliaklqana
Kikubaaqudgha
Makhleb
Nemelex Xobeh
Okawaru
Qazlal
Ru
Sif Muna
Trog
Uskayaw
Vehumet
Wu Jian
Xom
Yredelemnul
Zin
The Shining One

Shops:
D:2 (   D:4 [


Message History

The orc priest looks satisfied for a moment.
A wave of flame ripples out!
The flame wave engulfs the vampire mosquito.
The vampire mosquito is heavily damaged.
The flame wave engulfs the vampire mosquito!
The vampire mosquito is severely damaged.
The flame wave engulfs the orc!
You kill the orc!
Vehumet accepts your kill.
The flame wave engulfs the orc priest.
The orc priest is heavily wounded.
You finish channelling waves of flame.
You hear an angry hiss.
The vampire mosquito bites you.
The vampire mosquito draws strength from your injuries!
The vampire mosquito misses you.
The vampire mosquito closely misses you.
The vampire mosquito barely misses you.
An orc wizard comes into view. It is wielding a +0 dagger.
Casting: Flame Wave (dangerous; 4% risk of failure)
Confirm with . or Enter, or press ? or * to list all spells.
Flames lash the vampire mosquito.
The vampire mosquito is almost destroyed.
The vampire mosquito's fire resistance burns away.
A hound comes into view.
The vampire mosquito bites you.
The vampire mosquito draws strength from your injuries!
The vampire mosquito bites you!
The vampire mosquito draws strength from your injuries!
The vampire mosquito barely misses you. The vampire mosquito bites you.
The vampire mosquito draws strength from your injuries!
Magic courses through your body. The vampire mosquito bites you.
* * * LOW HITPOINT WARNING * * *
The vampire mosquito draws strength from your injuries!
The vampire mosquito bites you.
* * * LOW HITPOINT WARNING * * *
The vampire mosquito draws strength from your injuries!
The orc priest mumbles some strange prayers to Beogh against you.
Beogh smites you!
You die...

#########
######.......###########
.....'.......'..@yo...>#***
######.......###y#......,,*
#########*#o#,..#.#*,*
*..o,,...,*,* #.##.**#..*,*
#.,,.S,,,.*,* #.***o#,,,,,*
#.**,..,,,*** #.****#o,**


You could see 2 vampire mosquitoes, an orc priest, an orc wizard and an orc.

Vanquished Creatures
  Menkaure (D:6)
  2 vampire mosquitoes (D:6)
  2 water moccasins (D:5)
  An ice beast (D:5)
  4 ogres
  2 necrophages
  4 scorpions
  3 hounds
  2 jellies
  An orc priest (D:3)
  An iguana (D:4)
  8 adders
  A shadow imp (D:6)
  A worm (D:5)
  A dart slug (D:5)
  11 orcs
  3 ball pythons
  3 endoplasms
  2 giant cockroaches (D:2)
  8 goblins
  9 hobgoblins
  7 jackals
  9 kobolds
  7 quokkas
  3 bats
  3 frilled lizards
  6 rats
105 creatures vanquished.

Vanquished Creatures (others)
  229 foxfires
229 creatures vanquished.

Grand Total: 334 creatures vanquished

Notes
Turn   | Place    | Note
-------+----------+-------------------------------------------
     0 | D:1      | hawla the Deep Elf Fire Elementalist began the quest for
                  | the Orb.
     0 | D:1      | Reached XP level 1. HP: 10/10 MP: 6/6
   131 | D:1      | Reached XP level 2. HP: 13/15 MP: 5/8
   547 | D:1      | Reached skill level 1 in Poison Magic
   547 | D:1      | Reached skill level 1 in Evocations
   710 | D:2      | Learned a level 2 spell: Scorch
   733 | D:2      | Reached XP level 3. HP: 19/19 MP: 6/9
   952 | D:2      | Found Zamamet's Weapon Boutique.
  1456 | D:2      | Found a faded altar of an unknown god.
  2091 | D:3      | Noticed an air elemental
  2099 | D:3      | Reached XP level 4. HP: 8/24 MP: 6/12
  2298 | D:3      | Learned a level 4 spell: Flame Wave
  2322 | D:3      | Found a stormy altar of Qazlal.
  2324 | D:3      | Noticed an earth elemental
  2324 | D:3      | Noticed a water elemental
  2324 | D:3      | Noticed a fire elemental
  2564 | D:3      | HP: 1/24 [orc/+0 hand axe (6)]
  2565 | D:3      | Noticed a +0 short sword
  2566 | D:3      | Noticed a +0 falchion
  2844 | D:3      | Noticed a +0 spear
  2844 | D:3      | Noticed a +0 dagger
  2844 | D:3      | Noticed a +0 short sword
  2844 | D:3      | Noticed a +0 dagger
  2844 | D:3      | Noticed a +0 falchion
  2844 | D:3      | Noticed a +0 spear
  2986 | D:3      | Found a hide-covered altar of Uskayaw.
  3161 | D:4      | Reached XP level 5. HP: 28/28 MP: 10/13
  3359 | D:4      | Noticed an ogre
  3366 | D:4      | Killed an ogre
  3367 | D:4      | Reached skill level 2 in Conjurations
  3367 | D:4      | Reached skill level 5 in Fire Magic
  3460 | D:4      | Reached XP level 6. HP: 22/32 MP: 9/14
  3580 | D:4      | Found Jiops's Antique Armour Emporium.
  3593 | D:4      | Reached skill level 3 in Conjurations
  3759 | D:4      | Reached XP level 7. HP: 36/36 MP: 11/15
  4526 | D:5      | Entered Level 5 of the Dungeon
  4540 | D:5      | Learned a level 5 spell: Irradiate
  4724 | D:5      | Found a staircase to the Ecumenical Temple.
  4754 | Temple   | Entered the Ecumenical Temple
  4968 | Temple   | Became a worshipper of Vehumet
  4988 | D:5      | Reached skill level 4 in Conjurations
  4988 | D:5      | Reached skill level 1 in Transmutations
  5493 | D:5      | Reached skill level 5 in Conjurations
  5689 | D:5      | Found an opulent altar of Gozag.
  5712 | D:5      | Found an ornate altar of the Wu Jian Council.
  5847 | D:5      | Reached XP level 8. HP: 41/41 MP: 11/16
  5909 | D:5      | Found the +13 scythe of Curses {drain, Drain}
  6111 | D:6      | Reached skill level 6 in Conjurations
  6309 | D:6      | Reached skill level 7 in Conjurations
  6477 | D:6      | Noticed Menkaure
  6479 | D:6      | Killed Menkaure
  6551 | D:6      | Reached skill level 8 in Conjurations
  6555 | D:6      | Killed from afar by an orc priest

Illustrated notes

Levels and vault maps discovered:
D:1:      dpeg_arrival_pits, layout_rooms
D:2:      layout_basic, ebering_ecumenical_altar_sacrificial, serial_shops,
          nicolae_shop_bloodbath_and_beyond
D:3:      layout_loops_cross, nicolae_qazlal_style_of_elements,
          nicolae_uskayaw_en_pointe
D:4:      layout_layer_cave, nicolae_zen_rock_garden, minmay_crystal_room,
          nicolae_stop_n_shop_1, wad_floor_pattern_2
D:5:      layout_gridville, mainiacjoe_overflow_big_doors,
          minmay_temple_entry_ruins, serial_glass, glass_columns_a,
          glass_columns_a, glass_columns_c, glass_columns_b, glass_columns_b,
          glass_columns_a, glass_columns_b, glass_columns_b
D:6:      layout_basic, serial_glass, glass_columns_b, glass_columns_a,
          minmay_ruffians, uniq_menkaure, uniq_duvessa
Temple:   eino_narrow_crystal_temple

Skill      XL: |  1  2  3  4  5  6  7  8 |
---------------+-------------------------+-----
Poison Magic   | 1 |  1.5
Evocations     | 1 |  1.5
Spellcasting   | 4 |  4.4
Fire Magic     | 4 5 7 |  7.1
Conjurations   | 2 3 5 8 |  8.5
Transmutations | 3 4 |  4.6
Fighting       | |  0.3
Dodging        | |  2.6
Stealth        | |  2.5

Action                   |  1- 3 |  4- 6 |  7- 9 || total
-------------------------+-------+-------+-------++-------
Melee: Unarmed           |     2 |       |       ||     2
       Staff             |    15 |     4 |    16 ||    35
 Cast: Foxfire           |    52 |    41 |    35 ||   128
       Scorch            |     4 |    16 |    15 ||    35
       Flame Wave        |       |     1 |     6 ||     7
       Irradiate         |       |       |     1 ||     1
  Use: Potion            |     1 |       |     1 ||     2
       Scroll            |     4 |       |     3 ||     7
Armor: Robe              |     6 |     4 |     8 ||    18
Dodge: Dodged            |    18 |    15 |    33 ||    66
